 Dungeon Crawl Stone Soup version 0.23.2-1-ga50397a (webtiles) character file.

Game seed: 1810103274798745208

40 Fortress the Ogre Mage (level 3, 0/32 HPs)
             Began as an Ogre Wizard on May 29, 2019.
             Slain by an orc wizard
             ... wielding a +0 dagger
              (2 damage)
             ... on level 2 of the Dungeon.
             The game lasted 00:13:42 (1350 turns).

Fortress the Ogre Mage (Ogre Wizard)                Turns: 1350, Time: 00:13:42

Health: 0/32       AC:  3    Str: 11    XL:     3   Next: 50%
Magic:  6/9        EV: 10    Int: 25    God:
Gold:   113        SH:  0    Dex:  7    Spells: 10/11 levels left

rFire    . . .     SeeInvis .   f - +0 club
rCold    . . .     Gourm    .   (no shield)
rNeg     . . .     Faith    .   a - +0 robe
rPois    .         Spirit   .   b - +0 hat
rElec    .         Reflect  .   (no cloak)
rCorr    .         Harm     .   (gloves unavailable)
MR       .....                  (boots unavailable)
Stlth    +.........             (no amulet)
HPRegen  0.10/turn              (no ring)
MPRegen  0.11/turn              (no ring)

@: brilliant
A: large, unfitting armour, tough skin 1
a: no special abilities


You were on level 2 of the Dungeon.
You were not hungry.

You visited 1 branch of the dungeon, and saw 3 of its levels.

You collected 113 gold pieces.

Inventory:

Hand Weapons
 f - a +0 club (weapon)
Armour
 a - a +0 robe (worn)
 b - a +0 hat (worn)
Jewellery
 k - a cursed ring of attention {unknown}
Scrolls
 c - a scroll of noise {unknown}
 e - 2 scrolls of identify {unknown}
 g - 2 scrolls of enchant weapon {unknown}
 i - a scroll of blinking {unknown}
 j - a scroll of immolation {unknown}
 m - a scroll of magic mapping {unknown}
Potions
 h - a potion of agility {unknown}
 l - a potion of brilliance
Comestibles
 d - a ration


   Skills:
 + Level 0.8 Fighting
 + Level 0.1 Maces & Flails
 + Level 1.9 Dodging
 + Level 1.6 Stealth
 + Level 0.2 Unarmed Combat
 + Level 4.5 Spellcasting
 + Level 1.1 Conjurations
   Level 0.8 Summonings
   Level 0.8 Translocations


You had 10 spell levels left.
You knew the following spells:

 Your Spells              Type           Power        Failure   Level  Hunger
a - Magic Dart            Conj           ####         1%          1    None

Your spell library contained the following spells:

 Spells                   Type           Power        Failure   Level  Hunger
 Blink                    Tloc           N/A          1%          2    None
 Call Imp                 Summ           ####....     1%          2    None
 Slow                     Hex            ###.....     1%          2    None
 Conjure Flame            Conj/Fire      ###.....     2%          3    ##.....
 Mephitic Cloud           Conj/Pois/Air  ###.....     2%          3    ##.....


Dungeon Overview and Level Annotations

Branches:
Dungeon (3/15)

Altars:
Fedhas


Innate Abilities, Weirdness & Mutations

You are too large for most types of armour.
You have tough skin. (AC +1)


Message History

The orc wizard gestures wildly while chanting.
The orc wizard seems to speed up.
Casting: Magic Dart (safe; 1% risk of failure)
Confirm with . or Enter, or press ? or * to list all spells.
Aiming: Magic Dart (safe; 1% risk of failure)
Press: ? - help, Shift-Dir - straight line, f/p - orc wizard
Aim: an orc wizard, wielding a +0 dagger and wearing a +0 robe (moderately wounded, fast)
The magic dart hits the orc wizard.
The orc wizard is moderately wounded.
The orc wizard barely misses you.
Casting: Magic Dart (safe; 1% risk of failure)
Confirm with . or Enter, or press ? or * to list all spells.
Aiming: Magic Dart (safe; 1% risk of failure)
Press: ? - help, Shift-Dir - straight line, f/p - orc wizard
Aim: an orc wizard, wielding a +0 dagger and wearing a +0 robe (moderately wounded, fast)
The magic dart hits the orc wizard.
The orc wizard is heavily wounded.
The orc wizard hits you but does no damage.
The orc wizard hits you with a +0 dagger.
You die...

#..####.######.#####
#..............# #
#...###.#####..# #
#...# #.# #..# #
#...# #.# #..### #
#...###.#####....# #
#.... .........#.# #
##..###.#####..#.# #
#.@.............###
##o#########.#.....
#.#########.#.....
#...........######
#############


You could see an orc wizard.

Vanquished Creatures
  An ooze (D:2)
  A leopard gecko (D:1)
  5 bats
  3 giant cockroaches
  4 goblins
  4 hobgoblins
  3 jackals (D:2)
  4 kobolds
  2 frilled lizards
  6 rats
33 creatures vanquished.

Notes
Turn   | Place    | Note
-------+----------+-------------------------------------------
     0 | D:1      | Fortress the Ogre Wizard began the quest for the Orb.
     0 | D:1      | Reached XP level 1. HP: 16/16 MP: 5/5
   144 | D:1      | Reached skill level 4 in Spellcasting
   166 | D:1      | Reached XP level 2. HP: 22/24 MP: 1/7
   587 | D:1      | Reached skill level 1 in Conjurations
  1003 | D:2      | Reached XP level 3. HP: 29/32 MP: 2/8
  1274 | D:2      | Found a blossoming altar of Fedhas.
  1350 | D:2      | Slain by an orc wizard

Skill      XL: |  1  2 |
---------------+-------+-----
Spellcasting   | 4 |  4.5
Conjurations   | 1 |  1.1
Fighting       | |  0.8
Maces & Flails | |  0.1
Dodging        | |  1.9
Stealth        | |  1.6
Unarmed Combat | |  0.2
Summonings     | |  0.8
Translocations | |  0.8

Action                   || total
-------------------------++-------
Melee: Unarmed           ||    36
       Club              ||    38
 Cast: Magic Dart        ||    61
  Use: Potion            ||     1
  Eat: Ration            ||     1
Armor: Robe              ||    34
Dodge: Dodged            ||    52
